 Dungeon Crawl Stone Soup version 0.28-a0-863-g8cecda6153 (webtiles) character file.

Game seed: 4669232224648689047

86 Peloso the Skirmisher (level 4, 0/41 HPs)
             Began as a Minotaur Fighter on Nov 19, 2021.
             Slain by a water moccasin (4 damage)
             ... on level 3 of the Dungeon.
             The game lasted 00:02:40 (2341 turns).

Peloso the Skirmisher (Minotaur Fighter)            Turns: 2341, Time: 00:02:40

Health: 0/41       AC:  8    Str: 20    XL:     4   Next: 27%
Magic:  3/3        EV: 10    Int:  5    God:
Gold:   104        SH:  4    Dex: 11    Spells: 3/3 levels left

rFire   . . .      SeeInvis .   a - +0 long sword
rCold   . . .      Faith    .   c - +0 buckler
rNeg    . . .      Spirit   .   b - +0 scale mail
rPois   .          Reflect  .   o - +1 hat
rElec   .          Harm     .   (no cloak)
rCorr   .          Rampage  .   (no gloves)
Will    .....                   (no boots)
Stlth   ..........              (no amulet)
HPRegen 0.13/turn               (no ring)
MPRegen 0.08/turn               (no ring)

@: lethally poisoned (0 -> -11)
A: horns 2, retaliatory headbutt
a: no special abilities


You were on level 3 of the Dungeon.
You visited 1 branch of the dungeon, and saw 3 of its levels.

You collected 104 gold pieces.

Inventory:

Hand Weapons
 a - a +0 long sword (weapon)
Armour
 b - a +0 scale mail (worn)
 c - a +0 buckler (worn)
 o - a +1 hat (worn)
Scrolls
 f - 2 scrolls of acquirement {unknown}
 g - a scroll of identify {unknown}
 i - a scroll of torment {unknown}
 j - a scroll of magic mapping {unknown}
 k - 4 scrolls of amnesia {unknown}
 l - a scroll of vulnerability {unknown}
Potions
 d - a potion of might
 e - 2 potions of lignification {unknown}
 h - a potion of heal wounds {unknown}
 m - a potion of flight {unknown}
 n - a potion of attraction {unknown}


   Skills:
 + Level 4.5 Fighting
 + Level 3.5 Long Blades
 + Level 4.3 Armour
 + Level 0.9 Dodging
 + Level 4.0 Shields


You had 3 spell levels left.
You didn't know any spells.
Your spell library contained the following spells:

 Spells                   Type           Power      Damage    Failure   Level
 Sting                    Tmut/Pois      0%         1d3       82%         1
 Poisonous Vapours        Pois/Air       0%         N/A       91%         2
 Olgreb's Toxic Radiance  Pois           0%         N/A       100%        4


Dungeon Overview and Level Annotations

Branches:
Dungeon (3/15)

Altars:


Innate Abilities, Weirdness & Mutations

You have a pair of horns on your head.
You reflexively headbutt those who attack you in melee.


Message History

The water moccasin hisses angrily.
A water moccasin is nearby!
Found a scroll labelled METHIEL NIYL.
You slash the water moccasin!
The water moccasin is moderately wounded.
The water moccasin bites you. You block the water moccasin's attack.
You closely miss the water moccasin.
The water moccasin is moderately wounded.
The water moccasin bites you. x2
You hit the water moccasin. You headbutt the water moccasin.
The water moccasin is heavily wounded.
The water moccasin bites you!
You are poisoned.
The water moccasin poisons you!
You closely miss the water moccasin.
The water moccasin is heavily wounded.
You feel very sick.
The water moccasin bites you but does no damage.
The water moccasin barely misses you.
You hit the water moccasin.
Your headbutt misses the water moccasin.
The water moccasin is severely wounded.
You feel very sick. The water moccasin misses you.
The water moccasin bites you but does no damage.
You miss the water moccasin. You headbutt the water moccasin!
The water moccasin is almost dead.
You feel sick. The water moccasin bites you.
* * * LOW HITPOINT WARNING * * *
You are lethally poisoned!
The water moccasin poisons you!
You miss the water moccasin.
Your headbutt misses the water moccasin.
The water moccasin is almost dead.
* * * LOW HITPOINT WARNING * * *
You feel very sick. The water moccasin bites you.
* * * LOW HITPOINT WARNING * * *
The water moccasin bites you.
You die...

#......## #.# ##...
#.......####.### #...
#..............####...
#.......[.............
#######.#.......#......
#...†...#.......#......
#.......#########......
#.......# #......
#.....@.# #......
#......S...... #......
#............. #......
#.............
#.............
#.............
#####.........
#....?....


You could see a water moccasin.

Vanquished Creatures
  Robin (D:2)
  An adder (D:2)
  3 dart slugs
  4 bats
  2 endoplasms
  5 giant cockroaches
  11 goblins
  9 hobgoblins
  3 quokkas
  5 ball pythons
  2 frilled lizards
  5 kobolds
  5 rats
56 creatures vanquished.

Notes
Turn   | Place    | Note
-------+----------+-------------------------------------------
     0 | D:1      | Peloso the Minotaur Fighter began the quest for the Orb.
     0 | D:1      | Reached XP level 1. HP: 19/19 MP: 0/0
    42 | D:1      | Found a faded altar of an unknown god.
   113 | D:1      | Reached XP level 2. HP: 22/27 MP: 1/1
   789 | D:2      | Noticed Robin
   803 | D:2      | Reached XP level 3. HP: 25/33 MP: 2/2
   805 | D:2      | Killed Robin
  1319 | D:2      | Reached XP level 4. HP: 11/41 MP: 3/3
  1326 | D:2      | HP: 2/41 [poisoned by an adder]
  2332 | D:3      | Noticed a water moccasin
  2341 | D:3      | Slain by a water moccasin

Illustrated notes

Levels and vault maps discovered:
D:1:      heliophobic_arrival_dark_side_of_the_moon, layout_loops_ring,
          ebering_ecumenical_altar_ruins
D:2:      layout_basic, solitary_fountain, uniq_robin
D:3:      layout_basic, kennysheep_generic_room_11, uniq_ijyb

Skill      XL: |  1  2  3 |
---------------+----------+-----
Fighting       | 4 |  4.5
Shields        | 4 |  4.0
Long Blades    | 3 |  3.5
Armour         | 4 |  4.3
Dodging        | |  0.9

Action                   |  1- 3 |  4- 6 || total
-------------------------+-------+-------++-------
Melee: Long sword        |    87 |    23 ||   110
       Headbutt          |    16 |     5 ||    21
Armor: Scale mail        |    46 |     7 ||    53
Dodge: Dodged            |    39 |    10 ||    49
Block: Buckler           |    18 |     6 ||    24

Table legend: (Time is in decaauts)
 A = Elapsed time spent in this place.
 B = Non-inter-level travel time spent in this place.
 C = Inter-level travel time spent in this place.
 D = Time resting spent in this place.
 E = Time spent auto-exploring this place.
 F = Levels seen in this place.
 G = Mean time per level.
                   A        B        C        D        E       F      G
               +--------+--------+--------+--------+--------+-----+--------+
         Total |   2367 |   2313 |     54 |    299 |   1606 |   3 |  789.0 |
       Dungeon |   2367 |   2313 |     54 |    299 |   1606 |   3 |  789.0 |
               +--------+--------+--------+--------+--------+-----+--------+

Top non-repeatable levels by time:
     D:2: 1248 daAuts
     D:1: 731 daAuts
     D:3: 387 daAuts
